 Dungeon Crawl Stone Soup version 0.24-a0-813-g0f74319 (webtiles) character file.

Game seed: 6405310001589343464, levelgen mode: deterministic

73 Anno the Chopper (level 4, -1/42 HPs)
             Began as a Deep Dwarf Fighter on Oct 12, 2019.
             Slain by an adder (3 damage)
             ... on level 2 of the Dungeon.
             The game lasted 00:03:44 (1275 turns).

Anno the Chopper (Deep Dwarf Fighter)               Turns: 1275, Time: 00:03:45

Health: -1/42      AC:  6    Str: 21    XL:     4   Next: 8%
Magic:  4/4        EV:  7    Int:  8    God:
Gold:   111        SH:  9    Dex: 12    Spells: 3/3 levels left

rFire    . . .     SeeInvis .   a - +0 war axe
rCold    . . .     Gourm    .   c - +0 shield
rNeg     . . .     Faith    .   g - +0 scale mail
rPois    .         Spirit   .   (no helmet)
rElec    .         Reflect  .   (no cloak)
rCorr    .         Harm     .   (no gloves)
MR       .....                  (no boots)
Stlth    ..........             (no amulet)
HPRegen  0.00/turn              (no ring)
MPRegen  0.09/turn              (no ring)

@: lethally poisoned (-1 -> -1), non-regenerating
A: damage resistance, heal wounds, sense surroundings 1, no regeneration
a: Heal Wounds


You were on level 2 of the Dungeon.
You were hungry.

You visited 1 branch of the dungeon, and saw 2 of its levels.

You collected 111 gold pieces.

Inventory:

Hand Weapons
 a - a +0 war axe (weapon)
 b - a +0 hunting sling
Missiles
 e - 38 stones (quivered)
Armour
 c - a +0 shield (worn)
 g - a +0 scale mail (worn)
Jewellery
 j - an uncursed amulet of magic regeneration {unknown}
Scrolls
 h - 3 scrolls of blinking
 k - 2 scrolls of remove curse {unknown}
 l - a scroll of fear {unknown}
 m - 2 scrolls of teleportation {unknown}
 n - a scroll of amnesia {unknown}
 q - a scroll of identify {unknown}
Potions
 d - 4 potions of might
 i - a potion of heal wounds {unknown}
 p - 2 potions of flight {unknown}
Comestibles
 f - 7 rations
 o - a chunk of flesh


   Skills:
 * Level 3.5 Fighting
 * Level 4.0 Axes
 - Level 3.2 Armour
 - Level 3.2 Shields


You had 3 spell levels left.
You didn't know any spells.
Your spell library was empty.

Dungeon Overview and Level Annotations

Branches:
Dungeon (2/15)

Altars:


Innate Abilities, Weirdness & Mutations

You are resistant to damage.
You can heal yourself by infusing magical energy.
You passively map a small area around you.
You do not regenerate.


Message History

* * * LOW HITPOINT WARNING * * *
You are poisoned.
The adder poisons you!
You barely miss the adder.
The adder is severely wounded.
The adder bites you. You block the adder's attack.
You closely miss the adder.
The adder is severely wounded.
The adder bites you.
You are more poisoned.
The adder poisons you!
You closely miss the adder.
The adder is severely wounded.
The adder barely misses you. The adder bites you but does no damage.
You completely miss the adder.
The adder is severely wounded.
The adder bites you.
* * * LOW HITPOINT WARNING * * *
The adder bites you.
You die...

* , , , , ,, *
* , ,, ,, * *
** * *** ***
########## ,
.....rS@.#
###########.#
#...........#
#.########### *
#......######
*,#####.......#
###* ,**
#.......# ...
#.......#
########
#.......#


You could see an adder and a quokka.

Vanquished Creatures
  3 adders (D:2)
  A worm (D:2)
  4 dart slugs (D:1)
  2 leopard geckos
  3 giant cockroaches
  5 hobgoblins
  A ball python (D:1)
  3 bats (D:1)
  A frilled lizard (D:1)
  6 goblins
  A kobold (D:1)
  6 rats
36 creatures vanquished.

Notes
Turn   | Place    | Note
-------+----------+-------------------------------------------
     0 | D:1      | Anno the Deep Dwarf Fighter began the quest for the Orb.
     0 | D:1      | Reached XP level 1. HP: 20/20 MP: 1/1
   141 | D:1      | Reached XP level 2. HP: 28/28 MP: 2/2
   340 | D:1      | Reached skill level 3 in Axes
   497 | D:1      | Reached XP level 3. HP: 30/34 MP: 3/3
   955 | D:2      | Reached skill level 4 in Axes
   955 | D:2      | Reached XP level 4. HP: 10/42 MP: 4/4
  1275 | D:2      | HP: 2/42 [adder (3)]
  1275 | D:2      | Slain by an adder

Levels and vault maps discovered:
D:1:      wheals_arrival_shading, layout_loops_ring, minmay_liquid_box
D:2:      layout_basic, grunt_decor_one_mirror

Skill      XL: |  1  2  3 |
---------------+----------+-----
Fighting       | 3 |  3.5
Axes           | 3 4 |  4.0
Armour         | |  3.2
Shields        | |  3.2

Action                   |  1- 3 |  4- 6 || total
-------------------------+-------+-------++-------
Melee: War axe           |   120 |    23 ||   143
  Use: Scroll            |     1 |       ||     1
  Eat: Chunk             |       |     1 ||     1
Armor: Scale mail        |    60 |    13 ||    73
Dodge: Dodged            |    33 |     6 ||    39
Block: Shield            |    79 |     5 ||    84

Table legend:
 A = Non-vault XP
 B = Vault XP
 C = Vault XP percentage of total XP
 D = Non-vault monster count
 E = Vault monster count
 F = Vault count percentage of total count
                 A         B        C        D         E       F
            +---------+---------+-------+---------+---------+-------
      Total |     105 |       0 |   0.0 |      36 |       0 |   0.0
            +---------+---------+-------+---------+---------+-------
        D:1 |      48 |       0 |   0.0 |      25 |       0 |   0.0
        D:2 |      57 |       0 |   0.0 |      11 |       0 |   0.0
            +---------+---------+-------+---------+---------+-------
